 Dungeon Crawl Stone Soup version 0.28.0 (webtiles) character file.

Game seed: 10703559654284455227

23 crazypyro the Skirmisher (level 3, 0/40 HPs)
             Began as an Ogre Berserker on Feb 10, 2022.
             Was a Follower of Trog.
             Succumbed to a kobold's poison
             ... on level 1 of the Dungeon.
             The game lasted 00:00:29 (833 turns).

crazypyro the Skirmisher (Ogre Berserker)            Turns: 833, Time: 00:00:29

Health: 0/40       AC:  3    Str: 23    XL:     3   Next: 0%
Magic:  3/3        EV: 10    Int:  8    God:    Trog [*.....]
Gold:   15         SH:  0    Dex:  8    Spells: 2/2 levels left

rFire   . . .      SeeInvis .   a - +0 mace
rCold   . . .      Faith    .   (no shield)
rNeg    . . .      Spirit   .   b - +0 animal skin
rPois   .          Reflect  .   (helmet restricted)
rElec   .          Harm     .   (no cloak)
rCorr   .          Rampage  .   (gloves unavailable)
Will    .....                   (boots unavailable)
Stlth   +.........              (no amulet)
HPRegen 0.13/turn               (no ring)
MPRegen 0.08/turn               (no ring)

@: lethally poisoned (0 -> -7), on berserk cooldown, slowed, very slow
A: large, unfitting armour, tough skin 1
a: Renounce Religion, Berserk


You were on level 1 of the Dungeon.
You worshipped Trog.
Trog was aware of your devotion.
You visited 1 branch of the dungeon, and saw 1 of its levels.

You collected 15 gold pieces.

Inventory:

Hand Weapons
 a - a +0 mace (weapon)
Armour
 b - a +0 animal skin (worn)
Scrolls
 c - a scroll of vulnerability {unknown}
 e - a scroll of enchant weapon {unknown}
 f - a scroll of identify {unknown}
Potions
 d - a potion of ambrosia {unknown}


   Skills:
 + Level 4.5 Fighting
 + Level 3.0 Maces & Flails
 + Level 3.1 Dodging


You had 2 spell levels left.
You didn't know any spells.
Your spell library was empty.

Dungeon Overview and Level Annotations

Branches:
Dungeon (1/15)

Altars:


Innate Abilities, Weirdness & Mutations

You are too large for most types of armour.
You have tough skin. (AC +1)


Message History

You are too injured to fight recklessly!
You feel very sick.
A red film seems to cover your vision as you go berserk!
You feel yourself moving faster!
You feel mighty!
* * * LOW HITPOINT WARNING * * *
You feel very sick. The kobold hits you but does no damage.
You are lethally poisoned!
You hit the kobold.
You kill the kobold!
Trog accepts your kill.
* * * LOW HITPOINT WARNING * * *
You feel very sick.
You barely miss the goblin.
* * * LOW HITPOINT WARNING * * *
You feel very sick.
You hit the goblin.
You kill the goblin!
Trog accepts your kill.
* * * LOW HITPOINT WARNING * * *
You feel sick.
You have reached level 3!
Your experience leads to an increase in your attributes!
Increase (S)trength, (I)ntelligence, or (D)exterity?
You feel stronger. x3
Calm down first, please.
You are too berserk!
* * * LOW HITPOINT WARNING * * *
You feel sick.
Items here: )) ††.
You feel a strong urge to attack something.
* * * LOW HITPOINT WARNING * * *
You feel sick.
* * * LOW HITPOINT WARNING * * *
You feel sick.
Items here: )) ††.
You feel your anger nearly subside.
You are no longer berserk.
You are exhausted.
You feel yourself slow down.
You die...

##..P♣.♣.## #.# #.# #.
.##...♣♣P)### #.# #.# ##
.....P.♣♣.. .. #.# #.# ##
.###....♣.P##. #.# #.# ##
.## ...P....=..#.#
#.###### ##
..#............#.####
#......# ## .♣..#
#..)....# ######.# ##
♣...# #.##)##.# #.# ....#
##@# # #.# P.# # # #..#
.# ## ##.# ## ###
#.##.###.###.###.## #.
####.#...............###.
..##...##.###.###.##...#.
#.####.#...........#.#.##
#.# #...##.###.##...#.##
#.# ##.#.#.......#.#.#.##
#(# #..#...##.##...#.....


There were no monsters in sight!

Vanquished Creatures
  A dart slug (D:1)
  2 ball pythons (D:1)
  3 goblins (D:1)
  2 hobgoblins (D:1)
  4 jackals (D:1)
  A bat (D:1)
  4 kobolds (D:1)
  2 rats (D:1)
19 creatures vanquished.

Vanquished Creatures (others)
  A plant (D:1)
1 creature vanquished.

Grand Total: 20 creatures vanquished

Notes
Turn   | Place    | Note
-------+----------+-------------------------------------------
     0 | D:1      | crazypyro the Ogre Berserker began the quest for the Orb.
     0 | D:1      | Reached XP level 1. HP: 24/24 MP: 1/1
   240 | D:1      | Reached XP level 2. HP: 23/32 MP: 2/2
   830 | D:1      | Reached XP level 3. HP: 5/40 MP: 3/3
   830 | D:1      | HP: 3/60 [poisoned by a kobold]
   832 | D:1      | HP: 1/60 [poisoned by a kobold]
   833 | D:1      | Succumbed to a kobold's poison

Illustrated notes

Levels and vault maps discovered:
D:1:      minmay_arrival_glassed_features, layout_loops_ring, serial_forest,
          infiniplex_forest_clump_tiny, infiniplex_forest_clump_diagonal,
          infiniplex_forest_clump_small, infiniplex_forest_clump_small,
          infiniplex_forest_corner_2, infiniplex_forest_clump_C,
          nicolae_concentric_dashed_squares_mild, minmay_split_cup_small

Skill      XL: |  1  2 |
---------------+-------+-----
Dodging        | 3 |  3.1
Maces & Flails | 3 |  3.0
Fighting       | |  4.5

Action                   || total
-------------------------++-------
Melee: Mace              ||    57
       Punch             ||     2
Invok: Berserk           ||     1
Armor: Animal skin       ||    30
Dodge: Dodged            ||    44
